| TOP OF THE 1ST |
|
Gastonia Rockets batting - Pitching for Anderson Rebels : RHP Carlos Ruiz
|
|
Pitching: RHP Carlos Ruiz
|
|
|
Batting: RHB Jackie Wright
|
0-0: Ball 1-0: Ball 2-0: Foul Ball, location: 2F 2-1: Foul Ball, location: 2F 2-2: Fly out, F8 (Flyball, 89D, EV 79.4 MPH)
|
|
Batting: RHB James Crawford
|
0-0: Called Strike 0-1: Ball 1-1: Ball 2-1: Fly out, F8 (Flyball, 8RD, EV 103.1 MPH)
|
|
Batting: LHB Dale Holman
|
0-0: Ground out 2-3 (Groundball, 13S, EV 68.1 MPH)
|
| Top of the 1st over - 0 runs, 0 hits, 0 errors, 0 left on base; Gastonia 0 - Anderson 0 |
| BOTTOM OF THE 1ST |
|
Anderson Rebels batting - Pitching for Gastonia Rockets : RHP Jesus Aguilar
|
|
Pitching: RHP Jesus Aguilar
|
|
|
Batting: RHB Mike Gallego
|
0-0: Ball 1-0: Ball 2-0: Ball 3-0: Swinging Strike 3-1: Foul Ball, location: 2F 3-2: Base on Balls
|
|
Batting: RHB Juan Blanco
|
0-0: Fielders Choice at 2nd, 3-6 (Groundball, 3, EV 104.4 MPH)
|
|
Batting: RHB Henry Cotto
|
0-0: Swinging Strike 0-1: Fielders Choice at 2nd, 4-6 (Groundball, 4, EV 85.0 MPH)
|
|
Batting: RHB Larry See
|
0-0: Foul Ball, location: 2F 0-1: Swinging Strike 0-2: Foul Ball, location: 2F 0-2: Ball 1-2: Ball 2-2: SINGLE (Line Drive, 4D, EV 105.0 MPH) Henry Cotto to second Runner from 2nd tries for 3rd, SAFE, no throw by CF
|
|
Batting: RHB Todd Demeter
|
0-0: Called Strike 0-1: Ball 1-1: Called Strike 1-2: Foul Ball, location: 2F 1-2: Ball 2-2: Ball 3-2: Base on Balls Larry See to second
|
|
Batting: RHB Steve Lombardozzi
|
0-0: Ball 1-0: Ball 2-0: Foul Ball, location: 2F 2-1: Ball 3-1: Base on Balls Henry Cotto scores Larry See to third Todd Demeter to second
|
|
Batting: RHB Guillermo Montiel
|
0-0: Hit by Pitch Larry See scores Todd Demeter to third Steve Lombardozzi to second
|
|
Batting: RHB Jose Bernhardt
|
0-0: Ball 1-0: Called Strike 1-1: Ball 2-1: Swinging Strike 2-2: Strikes out looking
|
| Bottom of the 1st over - 2 runs, 1 hit, 0 errors, 3 left on base; Gastonia 0 - Anderson 2 |
| TOP OF THE 2ND |
|
Gastonia Rockets batting - Pitching for Anderson Rebels : RHP Carlos Ruiz
|
|
Batting: RHB Mark Davidson
|
0-0: Ground out 6-3 (Groundball, 6, EV 98.8 MPH)
|
|
Batting: RHB john W Russell
|
0-0: Ball 1-0: Foul Ball, location: 2F 1-1: Swinging Strike 1-2: Foul Ball, location: 2F 1-2: Ball 2-2: Ball 3-2: Base on Balls
|
|
Batting: RHB Gary Skow
|
0-0: Ball 1-0: Swinging Strike 1-1: Fly out, F7 (Flyball, 7LM, EV 74.4 MPH)
|
|
Batting: RHB Lance Viola
|
0-0: Called Strike 0-1: Ball 1-1: Foul Ball, location: 2F 1-2: Ball 2-2: Foul Ball, location: 2F 2-2: Strikes out swinging
|
| Top of the 2nd over - 0 runs, 0 hits, 0 errors, 1 left on base; Gastonia 0 - Anderson 2 |
| BOTTOM OF THE 2ND |
|
Anderson Rebels batting - Pitching for Gastonia Rockets : RHP Jesus Aguilar
|
|
Batting: RHB Hector Ordonez
|
0-0: Ground out 6-3 (Groundball, 6S, EV 84.4 MPH)
|
|
Batting: RHB Mike Gallego
|
0-0: Ball 1-0: Swinging Strike 1-1: Ball 2-1: Ball 3-1: Base on Balls
|
|
Batting: RHB Juan Blanco
|
0-0: Called Strike Mike Gallego steals 2nd base 0-1: Called Strike 0-2: Ball 1-2: Ball 2-2: Hit by Pitch
|
|
Batting: RHB Henry Cotto
|
0-0: Called Strike 0-1: Ball 1-1: Ball 2-1: Ball 3-1: Fly out, F8 (Flyball, 8RS, EV 71.3 MPH)
|
|
Batting: RHB Larry See
|
0-0: Called Strike 0-1: Ball 1-1: Called Strike 1-2: Foul Ball, location: 2F 1-2: SINGLE (Line Drive, 6MD, EV 101.9 MPH) Mike Gallego to third Juan Blanco to second Runner from 3rd tries for Home, SAFE, throw by CF to home
|
|
Batting: RHB Todd Demeter
|
0-0: Ground out 4-3 (Groundball, 13, EV 78.1 MPH)
|
| Bottom of the 2nd over - 1 run, 1 hit, 0 errors, 2 left on base; Gastonia 0 - Anderson 3 |
| TOP OF THE 3RD |
|
Gastonia Rockets batting - Pitching for Anderson Rebels : RHP Carlos Ruiz
|
|
Batting: RHB Jorge Monroig
|
0-0: SINGLE (Groundball, 6MD, EV 103.1 MPH)
|
|
Batting: RHB Donald Murelli
|
0-0: DOUBLE (Groundball, 5L, EV 96.3 MPH) Jorge Monroig to third
|
|
Batting: RHB Jackie Wright
|
0-0: Ball 1-0: SINGLE (Groundball, 6D, EV 97.5 MPH) Jorge Monroig scores Donald Murelli to third
|
|
Batting: RHB James Crawford
|
0-0: Ball 1-0: Fly out, F6 (Popup, 6M, EV 50.0 MPH)
|
|
Batting: LHB Dale Holman
|
0-0: Ball 1-0: Called Strike 1-1: Foul Ball, location: 2F 1-2: Ball Jackie Wright steals 2nd base 2-2: Ball 3-2: Base on Balls
|
|
Batting: RHB Mark Davidson
|
0-0: Ball 1-0: Ball 2-0: Ball 3-0: Called Strike 3-1: Foul Ball, location: 2F 3-2: Strikes out looking
|
|
Batting: RHB john W Russell
|
0-0: Called Strike 0-1: Fly out, F8 (Flyball, 8RXD, EV 96.3 MPH)
|
| Top of the 3rd over - 1 run, 3 hits, 0 errors, 3 left on base; Gastonia 1 - Anderson 3 |
| BOTTOM OF THE 3RD |
|
Anderson Rebels batting - Pitching for Gastonia Rockets : RHP Jesus Aguilar
|
|
Batting: RHB Steve Lombardozzi
|
0-0: Ball 1-0: Ball 2-0: Ball 3-0: Called Strike 3-1: Called Strike 3-2: SINGLE (Line Drive, 56D, EV 94.4 MPH)
|
|
Batting: RHB Guillermo Montiel
|
0-0: Ball Steve Lombardozzi steals 2nd base 1-0: Ball 2-0: SINGLE (Flyball, 56D, EV 93.8 MPH) Steve Lombardozzi to third
|
|
Batting: RHB Jose Bernhardt
|
0-0: Fielders Choice at 2nd, U6 (Groundball, 4M, EV 80.6 MPH) Steve Lombardozzi scores
|
|
Batting: RHB Hector Ordonez
|
0-0: Ball 1-0: Called Strike 1-1: Foul Ball, location: 2F 1-2: Strikes out looking
|
|
Batting: RHB Mike Gallego
|
0-0: Ball 1-0: Called Strike 1-1: Ball 2-1: Ball 3-1: Base on Balls Jose Bernhardt to second
|
|
Batting: RHB Juan Blanco
|
0-0: Fly out, F4 (Popup, 3S, EV 83.1 MPH)
|
| Bottom of the 3rd over - 1 run, 2 hits, 0 errors, 2 left on base; Gastonia 1 - Anderson 4 |
| TOP OF THE 4TH |
|
Gastonia Rockets batting - Pitching for Anderson Rebels : RHP Carlos Ruiz
|
|
Batting: RHB Gary Skow
|
0-0: Called Strike 0-1: Foul Ball, location: 2F 0-2: Ball 1-2: Strikes out swinging
|
|
Batting: RHB Lance Viola
|
0-0: Ball 1-0: Foul Ball, location: 2F 1-1: Swinging Strike 1-2: Strikes out looking
|
|
Batting: RHB Jorge Monroig
|
0-0: Called Strike 0-1: Foul Ball, location: 2F 0-2: Foul Ball, location: 2F 0-2: Foul Ball, location: 2F 0-2: Ball 1-2: Ball 2-2: SINGLE (Groundball, 3D, EV 98.1 MPH)
|
|
Batting: RHB Donald Murelli
|
0-0: DOUBLE (Line Drive, 5D, EV 104.4 MPH) Jorge Monroig to third Runner from 3rd tries for Home, SAFE, no throw by LF
|
|
Batting: RHB Jackie Wright
|
0-0: Foul Ball, location: 2F 0-1: Ball 1-1: Ball 2-1: Called Strike 2-2: Ball 3-2: Base on Balls
|
|
Batting: RHB James Crawford
|
0-0: Called Strike 0-1: Foul Ball, location: 2F 0-2: Reached on error, E6 (Groundball, 6, EV 100.6 MPH) Donald Murelli to third Jackie Wright to second
|
|
Batting: LHB Dale Holman
|
0-0: Swinging Strike 0-1: Ball 1-1: Ball 2-1: Ball 3-1: Fly out, F5 (Line Drive, 5, EV 72.5 MPH)
|
| Top of the 4th over - 1 run, 2 hits, 1 error, 3 left on base; Gastonia 2 - Anderson 4 |
| BOTTOM OF THE 4TH |
|
Anderson Rebels batting - Pitching for Gastonia Rockets : RHP Jesus Aguilar
|
|
Batting: RHB Henry Cotto
|
0-0: Fly out, F4 (Popup, 4MS, EV 76.9 MPH)
|
|
Batting: RHB Larry See
|
0-0: Ball 1-0: Ball 2-0: Foul Ball, location: 2F 2-1: Ball 3-1: Foul Ball, location: 2F 3-2: Base on Balls
|
|
Batting: RHB Todd Demeter
|
0-0: Fly out, F9 (Flyball, 89XD, EV 103.8 MPH)
|
|
Batting: RHB Steve Lombardozzi
|
0-0: Called Strike 0-1: Swinging Strike 0-2: Ground out 1-3 (Groundball, 13S, EV 62.5 MPH)
|
| Bottom of the 4th over - 0 runs, 0 hits, 0 errors, 1 left on base; Gastonia 2 - Anderson 4 |
| TOP OF THE 5TH |
|
Gastonia Rockets batting - Pitching for Anderson Rebels : RHP Carlos Ruiz
|
|
Batting: RHB Mark Davidson
|
0-0: Foul Ball, location: 2F 0-1: Ball 1-1: Foul Ball, location: 2F 1-2: Ball 2-2: DOUBLE (Flyball, 78XD, EV 95.6 MPH)
|
|
Batting: RHB john W Russell
|
0-0: Ball 1-0: Fly out, F7 (Flyball, 7D, EV 109.4 MPH) Runner from 2nd tags up, SAFE at 3rd, no throw by LF
|
|
Batting: RHB Gary Skow
|
0-0: Foul Ball, location: 2F 0-1: SINGLE (Flyball, 34D, EV 85.0 MPH) Mark Davidson scores
|
|
Batting: RHB Lance Viola
|
0-0: Ball 1-0: Ball 2-0: Called Strike 2-1: Ball 3-1: SINGLE (Groundball, 34D, EV 96.3 MPH) Gary Skow to second Runner from 2nd tries for 3rd, SAFE, throw by RF made to third
|
|
Batting: RHB Jorge Monroig
|
0-0: Ball 1-0: Foul Ball, location: 2F 1-1: Swinging Strike 1-2: Foul Ball, location: 2F 1-2: Strikes out swinging
|
|
Batting: RHB Donald Murelli
|
0-0: Called Strike 0-1: Ball 1-1: Foul Ball, location: 2F 1-2: Ground out 5-3 (Groundball, 56S, EV 85.0 MPH)
|
| Top of the 5th over - 1 run, 3 hits, 0 errors, 2 left on base; Gastonia 3 - Anderson 4 |
| BOTTOM OF THE 5TH |
|
Anderson Rebels batting - Pitching for Gastonia Rockets : RHP Jesus Aguilar
|
|
Batting: RHB Guillermo Montiel
|
0-0: Foul Ball, location: 2F 0-1: Ball 1-1: Ball 2-1: Ball 3-1: Swinging Strike 3-2: Foul Ball, location: 2F 3-2: Ground out 4-3 (Groundball, 4, EV 101.9 MPH)
|
|
Batting: RHB Jose Bernhardt
|
0-0: Fly out, F4 (Popup, 4MD, EV 66.3 MPH)
|
|
Batting: RHB Hector Ordonez
|
0-0: Called Strike 0-1: Foul Ball, location: 2F 0-2: Ball 1-2: Ball 2-2: Ball 3-2: SINGLE (Line Drive, 56D, EV 106.3 MPH)
|
|
Batting: RHB Mike Gallego
|
0-0: Foul Ball, location: 2F 0-1: Ball 1-1: Ball 2-1: Ball 3-1: Foul Ball, location: 2F 3-2: Hit by Pitch Hector Ordonez to second
|
|
Batting: RHB Juan Blanco
|
0-0: Ball 1-0: Ground out 5-3 (Groundball, 56S, EV 85.0 MPH)
|
| Bottom of the 5th over - 0 runs, 1 hit, 0 errors, 2 left on base; Gastonia 3 - Anderson 4 |
| TOP OF THE 6TH |
|
Gastonia Rockets batting - Pitching for Anderson Rebels : RHP Carlos Ruiz
|
|
Batting: RHB Jackie Wright
|
0-0: SINGLE (Groundball, 6MD, EV 101.9 MPH)
|
|
Batting: RHB James Crawford
|
0-0: Bunt missed! 0-1: Ball 1-1: Ball 2-1: Bunt missed! 2-2: Ball Jackie Wright steals 2nd base 3-2: Foul Ball, location: 2F 3-2: Foul Ball, location: 2F 3-2: Base on Balls
|
|
Batting: LHB Dale Holman
|
0-0: Called Strike 0-1: Called Strike 0-2: Fly out, F9 (Flyball, 9LD, EV 77.5 MPH) Runner from 2nd tags up, SAFE at 3rd, no throw by RF
|
|
Batting: RHB Mark Davidson
|
0-0: Called Strike 0-1: Called Strike James Crawford steals 2nd base 0-2: Ball 1-2: Ball 2-2: Ball 3-2: Ground out 6-3 (Groundball, 6M, EV 76.9 MPH) Jackie Wright scores James Crawford to third
|
|
Batting: RHB john W Russell
|
0-0: Ball 1-0: Called Strike 1-1: Ball 2-1: Called Strike 2-2: Ball 3-2: Base on Balls
|
|
Batting: RHB Gary Skow
|
0-0: Foul Ball, location: 2F 0-1: Called Strike 0-2: Foul Ball, location: 2F 0-2: Strikes out swinging
|
| Top of the 6th over - 1 run, 1 hit, 0 errors, 2 left on base; Gastonia 4 - Anderson 4 |
| BOTTOM OF THE 6TH |
|
Anderson Rebels batting - Pitching for Gastonia Rockets : RHP Jesus Aguilar
|
|
Batting: RHB Henry Cotto
|
0-0: Ball 1-0: Called Strike 1-1: Ball 2-1: Foul Ball, location: 2F 2-2: Fly out, F8 (Flyball, 8RXD, EV 78.8 MPH)
|
|
Batting: RHB Larry See
|
0-0: Called Strike 0-1: Ball 1-1: Called Strike 1-2: Fly out, F8 (Flyball, 8RD, EV 90.6 MPH)
|
|
Batting: RHB Todd Demeter
|
0-0: Called Strike 0-1: Called Strike 0-2: Foul Ball, location: 2F 0-2: Strikes out swinging
|
| Bottom of the 6th over - 0 runs, 0 hits, 0 errors, 0 left on base; Gastonia 4 - Anderson 4 |
| TOP OF THE 7TH |
|
Gastonia Rockets batting - Pitching for Anderson Rebels : RHP Carlos Ruiz
|
|
Pitching: RHP Wesley Smith
|
|
|
Batting: RHB Lance Viola
|
0-0: Fly out, F8 (Line Drive, 8LM, EV 97.5 MPH)
|
|
Batting: RHB Jorge Monroig
|
0-0: Ball 1-0: DOUBLE (Flyball, 9LD, EV 105.6 MPH)
|
|
Batting: RHB Donald Murelli
|
0-0: Foul Ball, location: 2F 0-1: Foul Ball, location: 2F 0-2: Foul Ball, location: 2F 0-2: Foul Ball, location: 2F 0-2: Foul Ball, location: 2F 0-2: Ball 1-2: Ball 2-2: Fly out, F9 (Flyball, 9, EV 95.0 MPH)
|
|
Batting: RHB Jackie Wright
|
0-0: Ball 1-0: Foul Ball, location: 2F 1-1: Fly out, F9 (Flyball, 9LS, EV 80.0 MPH)
|
| Top of the 7th over - 0 runs, 1 hit, 0 errors, 1 left on base; Gastonia 4 - Anderson 4 |
| BOTTOM OF THE 7TH |
|
Anderson Rebels batting - Pitching for Gastonia Rockets : RHP Jesus Aguilar
|
|
Batting: RHB Steve Lombardozzi
|
0-0: Foul Ball, location: 2F 0-1: Ball 1-1: Ball 2-1: Reached on error, E5 (Groundball, 5L, EV 103.8 MPH)
|
|
Batting: RHB Guillermo Montiel
|
0-0: Intentional Walk
|
|
Batting: RHB Jose Bernhardt
|
0-0: Called Strike 0-1: Called Strike 0-2: Strikes out swinging
|
|
Pitching: RHP Ramon Amancio
|
|
|
Batting: RHB Hector Ordonez
|
0-0: Foul Ball, location: 2F 0-1: Ball 1-1: Swinging Strike 1-2: Foul Ball, location: 2F 1-2: Strikes out swinging
|
|
Batting: RHB Mike Gallego
|
0-0: Foul Ball, location: 2F 0-1: Called Strike 0-2: Ball 1-2: Ball 2-2: Ball 3-2: Base on Balls Steve Lombardozzi to third Guillermo Montiel to second
|
|
Batting: RHB Juan Blanco
|
0-0: Called Strike 0-1: Called Strike 0-2: Ball 1-2: Ball 2-2: Foul Ball, location: 2F 2-2: Foul Ball, location: 2F 2-2: Ball 3-2: Ground out 5-3 (Groundball, 5S, EV 86.9 MPH)
|
| Bottom of the 7th over - 0 runs, 0 hits, 1 error, 3 left on base; Gastonia 4 - Anderson 4 |
| TOP OF THE 8TH |
|
Gastonia Rockets batting - Pitching for Anderson Rebels : RHP Wesley Smith
|
|
Batting: RHB James Crawford
|
0-0: Ball 1-0: Called Strike 1-1: Called Strike 1-2: Fly out, F3 (Popup, 3L, EV 56.3 MPH)
|
|
Batting: LHB Dale Holman
|
0-0: SINGLE (Groundball, 6MD, EV 103.1 MPH)
|
|
Batting: RHB Mark Davidson
|
0-0: Called Strike 0-1: Swinging Strike 0-2: Fly out, F7 (Flyball, 7, EV 87.5 MPH)
|
|
Batting: RHB john W Russell
|
0-0: Ball 1-0: Fly out, F9 (Flyball, 9, EV 78.8 MPH)
|
| Top of the 8th over - 0 runs, 1 hit, 0 errors, 1 left on base; Gastonia 4 - Anderson 4 |
| BOTTOM OF THE 8TH |
|
Anderson Rebels batting - Pitching for Gastonia Rockets : RHP Ramon Amancio
|
|
Batting: RHB Henry Cotto
|
0-0: Ball 1-0: Foul Ball, location: 2F 1-1: Ball 2-1: Swinging Strike 2-2: Fly out, F9 (Flyball, 9LM, EV 96.9 MPH)
|
|
Batting: RHB Larry See
|
0-0: Called Strike 0-1: Fly out, F8 (Flyball, 8RXD, EV 105.6 MPH)
|
|
Batting: RHB Todd Demeter
|
0-0: Foul Ball, location: 2F 0-1: DOUBLE (Groundball, 5L, EV 101.3 MPH)
|
|
Batting: RHB Steve Lombardozzi
|
0-0: Foul Ball, location: 2F 0-1: Ball 1-1: Ball 2-1: Called Strike 2-2: Ball 3-2: Base on Balls
|
|
Batting: RHB Guillermo Montiel
|
0-0: Foul Ball, location: 2F 0-1: Ball 1-1: Foul Ball, location: 2F 1-2: Foul Ball, location: 2F 1-2: Foul Ball, location: 2F 1-2: Ball 2-2: Foul Ball, location: 2F 2-2: Strikes out swinging
|
| Bottom of the 8th over - 0 runs, 1 hit, 0 errors, 2 left on base; Gastonia 4 - Anderson 4 |
| TOP OF THE 9TH |
|
Gastonia Rockets batting - Pitching for Anderson Rebels : RHP Wesley Smith
|
|
Pitching: RHP Kenneth Walker
|
|
|
Batting: RHB Gary Skow
|
0-0: Ball 1-0: Called Strike 1-1: SOLO HOME RUN (Flyball, 78XD, EV 100.0 MPH), Distance : 411 ft
|
|
Batting: RHB Lance Viola
|
0-0: Ball 1-0: Ball 2-0: Called Strike 2-1: Foul Ball, location: 2F 2-2: Ball 3-2: Strikes out looking
|
|
Batting: RHB Jorge Monroig
|
0-0: Foul Ball, location: 2F 0-1: Swinging Strike 0-2: Foul Ball, location: 2F 0-2: Ball 1-2: Ball 2-2: Strikes out swinging
|
|
Batting: RHB Donald Murelli
|
0-0: Ball 1-0: Fly out, F9 (Flyball, 9LM, EV 103.1 MPH)
|
| Top of the 9th over - 1 run, 1 hit, 0 errors, 0 left on base; Gastonia 5 - Anderson 4 |
| BOTTOM OF THE 9TH |
|
Anderson Rebels batting - Pitching for Gastonia Rockets : RHP Ramon Amancio
|
|
Pitching: RHP Harvey Akers
|
|
|
Pinch Hitting: LHB Eli Aldridge
|
0-0: Ground out 4-3 (Groundball, 4, EV 85.0 MPH)
|
|
Pinch Hitting: LHB Dwight Lowry
|
0-0: Ball 1-0: Fly out, F5 (Popup, 5F, EV 65.6 MPH)
|
|
Batting: RHB Mike Gallego
|
0-0: Ball 1-0: Ground out 4-3 (Groundball, 4S, EV 94.4 MPH)
|
| Bottom of the 9th over - 0 runs, 0 hits, 0 errors, 0 left on base; Gastonia 5 - Anderson 4 |
|